 Dungeon Crawl Stone Soup version 0.20-a0-876-g2c7b0bf (webtiles) character file.

15790 Dfrag the Destroyer (level 12, -6/77 HPs)
             Began as a Demonspawn Fire Elementalist on Mar 15, 2017.
             Was a High Priest of Vehumet.
             Killed from afar by an orc wizard (12 damage)
             ... with a puff of frost
             ... on level 12 of the Dungeon.
             The game lasted 00:22:18 (11077 turns).

Dfrag the Destroyer (Demonspawn Fire Elementalist) Turns: 11077, Time: 00:22:18

Health: -6/77      AC:  7    Str:  9    XL:     12   Next: 4%
Magic:  10/26      EV: 12    Int: 27    God:    Vehumet [*****.]
Gold:   349        SH:  0    Dex: 14    Spells: 3/32 levels left

rFire    + . .     SeeInvis .   x - +2 dagger (venom)
rCold    x . .     Gourm    .   P - -1 robe (curse)
rNeg     . . .     Faith    .   (no shield)
rPois    .         Spirit   .   (no helmet)
rElec    .         Reflect  .   O - +1 cloak
rCorr    .         Harm     .   y - +0 pair of gloves
MR       .....                  o - +0 pair of boots
Stlth    ++........             (no amulet)
Regen    0.3/turn               A - ring of fire
MPRegen  0.2/turn               n - +6 ring of intelligence

@: no status effects
A: claws 2, rugged brown scales 2
a: Renounce Religion


You were on level 12 of the Dungeon.
You worshipped Vehumet.
Vehumet was extremely pleased with you.
You were very hungry.

You visited 2 branches of the dungeon, and saw 13 of its levels.

You collected 730 gold pieces.
You spent 381 gold pieces at shops.

Inventory:

Hand Weapons
 x - a +2 dagger of venom (weapon)
Armour
 o - a +0 pair of boots (worn)
 y - a +0 pair of gloves (worn)
 J - a +2 animal skin
 O - a +1 cloak (worn)
 P - a cursed -1 robe (worn)
 S - a +2 robe of cold resistance
Magical Staves
 v - an uncursed staff of cold
Jewellery
 n - a +6 ring of intelligence (left hand)
 A - a ring of fire (right hand)
 K - an uncursed ring of poison resistance
Wands
 i - a wand of polymorph (13/24)
 s - a wand of iceblast (9/15)
 D - a wand of lightning (4/15)
 L - a wand of flame (33/48)
Scrolls
 f - 2 scrolls of fog
 g - 8 scrolls of teleportation
 p - 4 scrolls of enchant armour
 q - 2 scrolls of recharging
 u - 4 scrolls of magic mapping
 z - a scroll of identify
 B - 6 scrolls of remove curse
 C - a scroll of immolation
 E - a scroll of blinking
 H - a scroll of enchant weapon
 N - 2 scrolls of amnesia
Potions
 a - 2 potions of lignification
 h - 2 potions of magic
 j - 2 potions of agility
 k - 3 potions of might
 l - 3 potions of ambrosia
 m - a potion of berserk rage {unknown}
 w - 3 potions of heal wounds
 G - a potion of flight {unknown}
 I - a potion of haste {unknown}
 Q - a potion of brilliance {unknown}
 R - a potion of curing
Books
 b - a book of Flames

   Spells                             Type                      Level
   a - Flame Tongue                   Conjuration/Fire             1
   b - Throw Flame                    Conjuration/Fire             2
   c - Conjure Flame                  Conjuration/Fire             3
   d - Inner Flame                    Hexes/Fire                   3
   e - Sticky Flame                   Conjuration/Fire             4
   f - Fireball                       Conjuration/Fire             5
 e - a book of Frost

   Spells                             Type                      Level
   a - Freeze                         Ice                          1
   b - Throw Frost                    Conjuration/Ice              2
   c - Ozocubu's Armour               Charms/Ice                   3
   d - Throw Icicle                   Conjuration/Ice              4
   e - Summon Ice Beast               Ice/Summoning                4
 F - a book of Changes

   Spells                             Type                      Level
   a - Beastly Appendage              Transmutation                1
   b - Sticks to Snakes               Transmutation                2
   c - Spider Form                    Transmutation/Poison         3
   d - Ice Form                       Ice/Transmutation            4
   e - Blade Hands                    Transmutation                5
Comestibles
 c - 9 bread rations
 d - 6 chunks of flesh
 r - 2 meat rations
 t - 12 royal jellies
 M - 5 fruits


   Skills:
 - Level 1.7 Dodging
 - Level 1.7 Stealth
 + Level 10.6 Spellcasting
 + Level 11.5 Conjurations
 + Level 10.7 Fire Magic


You had 3 spell levels left.
You knew the following spells:

 Your Spells              Type           Power        Failure   Level  Hunger
a - Flame Tongue          Conj/Fire      #####        1%          1    None
b - Conjure Flame         Conj/Fire      #######.     1%          3    None
c - Sticky Flame          Conj/Fire      #######.     1%          4    None
d - Fireball              Conj/Fire      #######...   1%          5    ###....
e - Searing Ray           Conj           ######       1%          2    None
f - Mephitic Cloud        Conj/Pois/Air  #####...     1%          3    None
g - Airstrike             Air            ##........   12%         4    None
h - Orb of Destruction    Conj           ######....   10%         7    ######.


Dungeon Overview and Level Annotations

Branches:
Dungeon (12/15)            Temple (1/1) D:4            Lair (0/6) D:9
    Orc (0/2) D:9

Altars:
Ashenzari
Cheibriados
Dithmenos
Elyvilon
Fedhas
Gozag
Kikubaaqudgha
Makhleb
Nemelex Xobeh
Okawaru
Qazlal
Ru
Sif Muna
Trog
Uskayaw
Vehumet
Wu Jian
Xom
Yredelemnul
The Shining One

Shops:
D:4 :   D:6 *!!**   D:9 }![*?


Innate Abilities, Weirdness & Mutations

You have very sharp fingernails.
You are mostly covered in rugged brown scales. (AC +2, +5% HP)


Message History

Press: ? - help, Shift-Dir - straight line, f/p - orc wizard
Aim: an orc wizard, wielding a dagger and wearing a robe (almost dead)
You feel a surge of power!
The flame tongue hits the orc wizard.
You kill the orc wizard!
Vehumet accepts your kill.
You feel your power returning.
The orc hits you with a falchion of electrocution.
* * * LOW HITPOINT WARNING * * *
Casting: Flame Tongue
Confirm with . or Enter, or press ? or * to list all spells.
Aiming: Sticky Flame
Press: ? - help, Shift-Dir - straight line, f - orc
Aim: an orc, wielding a falchion of electrocution You feel a surge of power!
The sticky flame hits the orc.
You kill the orc!
Vehumet accepts your kill.
You feel your power returning.
The orc wizard gestures at you while chanting.
The puff of frost hits you!
You feel a terrible chill!
You die...

#........#
#.##########
#......###
#...........
#......# #..<..###
# #......# #.....#
# #......# #.....#
#......# #.....#
#......# #.....#
#.###.)+ #.....†..
###
#.@#####..........
#.))..............
#.).............##
###(#############
........)......
#.......o......
#..............
#..............
#..............


You could see an orc wizard.

Vanquished Creatures
  Fannar (D:12)
  4 two-headed ogres
  A tengu warrior (D:11)
  An ugly thing (D:11)
  2 gargoyles
  A queen bee (D:9)
  3 trolls
  A hornet (D:9)
  A hippogriff (D:9)
  A wraith (D:10)
  19 yaks
  A hungry ghost (D:9)
  Grum (D:8)
  A water moccasin (D:7)
  Duvessa (D:4)
  3 sky beasts
  A black bear (D:9)
  An ice beast (D:12)
  5 orc warriors
  2 phantoms (D:11)
  2 necrophages (D:5)
  7 ogres
  4 wolves (D:8)
  6 centaurs
  3 big kobolds
  5 bullfrogs
  A wyvern skeleton (D:6)
  Dowan (D:4)
  A scorpion (D:7)
  2 water moccasin skeletons
  18 killer bees
  10 wights
  2 howler monkeys (D:12)
  3 crimson imps
  4 jellies
  A quasit (D:9)
  A bullfrog zombie (D:10)
  A centaur skeleton (D:9)
  3 bullfrog skeletons
  6 orc priests
  6 hounds
  13 orc wizards
  7 iguanas
  8 worker ants
  2 hound skeletons
  A gnoll (D:4)
  9 adders
  3 shadow imps
  An ooze (D:4)
  3 worms
  3 dart slugs
  4 leopard geckos
  55 orcs
  3 ball pythons
  6 bats
  10 giant cockroaches
  5 goblins
  11 hobgoblins
  11 jackals
  20 kobolds
  4 quokkas
  9 frilled lizards
  A jackal skeleton (D:8)
  A leopard gecko skeleton (D:4)
  2 quokka zombies (D:5)
  11 rats
  A bush (D:5)
342 creatures vanquished.

Vanquished Creatures (others)
  A bush (D:5)
1 creature vanquished.

Grand Total: 343 creatures vanquished

Notes
Turn   | Place    | Note
-------+----------+-------------------------------------------
     0 | D:1      | Dfrag the Demonspawn Fire Elementalist began the quest for the Orb.
     0 | D:1      | Reached XP level 1. HP: 13/13 MP: 3/3
   345 | D:1      | Gained mutation: You have sharp fingernails. [demonic ancestry]
   345 | D:1      | Reached XP level 2. HP: 2/19 MP: 1/5
   762 | D:1      | Reached XP level 3. HP: 5/24 MP: 2/6
  1321 | D:2      | Reached skill level 2 in Conjurations
  1374 | D:2      | Reached XP level 4. HP: 8/30 MP: 3/8
  1816 | D:2      | Learned a level 3 spell: Conjure Flame
  1821 | D:2      | Learned a level 4 spell: Sticky Flame
  2271 | D:3      | Gained mutation: You are partially covered in rugged brown scales. (AC +1, +3% HP) [demonic ancestry]
  2271 | D:3      | Reached XP level 5. HP: 18/36 MP: 5/9
  2465 | D:4      | Noticed an ogre
  2469 | D:4      | Killed an ogre
  2469 | D:4      | Reached skill level 3 in Conjurations
  2526 | D:4      | Found a staircase to the Ecumenical Temple.
  2532 | Temple   | Entered the Ecumenical Temple
  2708 | Temple   | Became a worshipper of Vehumet
  2835 | D:4      | Gained mutation: You are mostly covered in rugged brown scales. (AC +2, +5% HP) [demonic ancestry]
  2835 | D:4      | Reached XP level 6. HP: 33/43 MP: 3/11
  2952 | D:4      | Reached skill level 4 in Conjurations
  3192 | D:4      | Found Desuri Weph's Book Emporium.
  3222 | D:4      | HP: 1/43 [iguana (5)]
  3223 | D:4      | Gained mutation: You have very sharp fingernails. [demonic ancestry]
  3223 | D:4      | Reached XP level 7. HP: 1/48 MP: 0/13
  3420 | D:4      | Noticed Dowan
  3468 | D:4      | Noticed Duvessa
  3481 | D:4      | Killed Duvessa
  3482 | D:4      | Killed Dowan
  3617 | D:5      | Entered Level 5 of the Dungeon
  3740 | D:5      | Reached * piety under Vehumet
  3740 | D:5      | Offered knowledge of Freeze by Vehumet.
  3781 | D:5      | Reached skill level 5 in Fire Magic
  3785 | D:5      | Reached skill level 5 in Conjurations
  3974 | D:5      | Reached skill level 5 in Spellcasting
  4037 | D:5      | Reached XP level 8. HP: 29/54 MP: 3/15
  4285 | D:5      | Learned a level 5 spell: Fireball
  4377 | D:5      | Reached skill level 6 in Conjurations
  4549 | D:6      | Found Qytass's Assorted Antiques.
  4549 | D:6      | Found Wakafaq's General Store.
  4551 | D:6      | Noticed a gargoyle
  4564 | D:5      | Killed a gargoyle
  4616 | D:6      | Bought a scroll of blinking for 105 gold pieces
  4618 | D:6      | Reached ** piety under Vehumet
  4637 | D:6      | HP: 2/54 [wight/trident (3)]
  4956 | D:6      | Offered knowledge of Searing Ray by Vehumet.
  5006 | D:6      | Learned a level 2 spell: Searing Ray
  5076 | D:6      | Reached XP level 9. HP: 59/59 MP: 16/18
  5109 | D:6      | Found Gaakhal's General Store.
  5114 | D:6      | Found Xuosurew's Distillery.
  5117 | D:6      | Reached skill level 7 in Conjurations
  5128 | D:6      | Bought a potion of heal wounds for 55 gold pieces
  5170 | D:6      | Bought a scroll labeled YRANU FEOMOMALE for 32 gold pieces
  5170 | D:6      | Bought a scroll labeled AMISAU BOGRY for 32 gold pieces
  5170 | D:6      | Bought a scroll labeled OCETOX YHEYLE for 32 gold pieces
  5170 | D:6      | Bought a scroll labeled XISHAI CICZUNE for 32 gold pieces
  5241 | D:6      | Found Peniovan's Distillery.
  5901 | D:7      | Offered knowledge of Dazzling Spray by Vehumet.
  6273 | D:8      | Found a hide-covered altar of Uskayaw.
  6278 | D:8      | Noticed a hand axe
  6278 | D:8      | Noticed an enchanted dagger
  6503 | D:8      | Reached skill level 8 in Conjurations
  6701 | D:8      | Noticed a two-headed ogre
  6711 | D:8      | Killed a two-headed ogre
  6711 | D:8      | Reached XP level 10. HP: 51/66 MP: 14/21
  6916 | D:8      | Noticed a two-headed ogre
  6922 | D:8      | Killed a two-headed ogre
  6935 | D:8      | Reached *** piety under Vehumet
  6935 | D:8      | Reached skill level 9 in Conjurations
  6955 | D:8      | Noticed Grum
  7095 | D:8      | Killed Grum
  7458 | D:9      | Offered knowledge of Mephitic Cloud by Vehumet.
  7655 | D:9      | Learned a level 3 spell: Mephitic Cloud
  7679 | D:9      | Found a staircase to the Lair.
  7699 | D:9      | Noticed a two-headed ogre
  7712 | D:9      | Killed a two-headed ogre
  7733 | D:9      | Found Alisaeg's Distillery.
  7763 | D:9      | Bought a potion of lignification for 45 gold pieces
  7828 | D:9      | Found Goidd's Armour Shoppe.
  7832 | D:9      | Found Bamim's Gadget Shop.
  7936 | D:9      | Reached **** piety under Vehumet
  7945 | D:9      | Found Ruowit's Magic Scroll Emporium.
  7955 | D:9      | Bought a scroll of noise for 12 gold pieces
  7955 | D:9      | Bought a scroll of random uselessness for 12 gold pieces
  7955 | D:9      | Bought a scroll of identify for 24 gold pieces
  8007 | D:9      | Found Duashro's General Store.
  8126 | D:9      | Found a staircase to the Orcish Mines.
  8264 | D:10     | Entered Level 10 of the Dungeon
  8464 | D:10     | Offered knowledge of Bolt of Draining by Vehumet.
  8464 | D:10     | Reached skill level 10 in Conjurations
  8553 | D:9      | Reached XP level 11. HP: 12/71 MP: 14/24
  9279 | D:10     | Reached ***** piety under Vehumet
  9279 | D:10     | Offered knowledge of Airstrike by Vehumet.
  9729 | D:10     | Noticed a two-headed ogre
  9733 | D:10     | Killed a two-headed ogre
  9967 | D:11     | Learned a level 4 spell: Airstrike
 10008 | D:11     | Found a radiant altar of Vehumet.
 10018 | D:11     | Reached skill level 10 in Fire Magic
 10059 | D:11     | Reached skill level 10 in Spellcasting
 10061 | D:11     | Noticed a tengu warrior
 10078 | D:11     | Killed a tengu warrior
 10464 | D:11     | Reached skill level 11 in Conjurations
 10670 | D:11     | Noticed a purple ugly thing
 10684 | D:11     | Killed a purple ugly thing
 10864 | D:12     | Noticed Fannar
 10868 | D:12     | Killed Fannar
 11035 | D:12     | Reached XP level 12. HP: 77/77 MP: 17/26
 11049 | D:12     | Offered knowledge of Orb of Destruction by Vehumet.
 11058 | D:12     | Learned a level 7 spell: Orb of Destruction
 11077 | D:12     | Killed from afar by an orc wizard

Vault maps used:
D:1:      dpeg_arrival_windows_large_door
D:3:      first_bread
D:4:      temple_green, serial_shops, nicolae_shop_crystal,
          cheibrodos_gnoll_hut, uniq_duvessa
D:5:      serial_park_tiny_2, lexackson_kobold_supper
D:6:      nicolae_whirlpool, serial_shops, kennysheep_mini, shop, shop,
          nicolae_shop_stone, nicolae_shop_window_shopping,
          kennysheep_windowed_goal
D:7:      corexii_hall_statues_t
D:8:      dancing_weapons_uskayaw, uniq_grum
D:9:      lair_entry_dummy, hiddenorc1_lemuel, serial_shops,
          nicolae_shop_waterfront, kennysheep_little_box, shop,
          nicolae_shop_window_shopping, nicolae_shop_stone
D:10:     david_nohive_1
D:11:     st_stairs_3, grunt_ministairs_4,
          hangedman_abyss_or_decor_jellyfish_corner, lemuel_tele_altar
D:12:     serial_shops, shop, uniq_fannar
Temple:   roderic_octagonal_lattice_temple

Skill      XL: |  1  2  3  4  5  6  7  8  9 10 11 |
---------------+----------------------------------+-----
Fire Magic     | 3 4 5 6 8 9 10 | 10.7
Conjurations   | 2 3 4 5 6 8 10 11 | 11.5
Spellcasting   | 3 4 5 6 7 9 10 | 10.6
Dodging        | |  1.7
Stealth        | |  1.7

Action                   |  1- 3 |  4- 6 |  7- 9 | 10-12 || total
-------------------------+-------+-------+-------+-------++-------
Melee: Short sword       |    99 |    85 |       |       ||   184
       Dagger            |       |    19 |   201 |   160 ||   380
 Cast: Flame Tongue      |    50 |    95 |    77 |   103 ||   325
       Sticky Flame      |       |     6 |    26 |    57 ||    89
       Fireball          |       |       |    10 |    59 ||    69
  Use: Scroll            |       |       |     4 |    12 ||    16
       Potion            |       |       |     2 |     1 ||     3
 Stab: Sleeping          |     1 |     2 |     1 |       ||     4
  Eat: Chunk             |     2 |     6 |    15 |    25 ||    48
Armor: Robe              |    20 |    37 |    42 |    10 ||   109
       Animal skin       |       |       |       |    85 ||    85
       Skin              |       |       |       |     1 ||     1
Dodge: Dodged            |    70 |    88 |   123 |   174 ||   455
